 Dungeon Crawl Stone Soup version 0.22-a0-429-g97ce8ef (webtiles) character file.

161 Jynxie the Slasher (level 5, -5/43 HPs)
             Began as a Formicid Monk on May 25, 2018.
             Slain by an orc wizard
             ... wielding a +1 dagger of electrocution
              (20 damage)
             ... on level 4 of the Dungeon.
             The game lasted 00:09:37 (3431 turns).

Jynxie the Slasher (Formicid Monk)                  Turns: 3431, Time: 00:09:38

Health: -5/43      AC:  6    Str: 15    XL:     5   Next: 70%
Magic:  5/5        EV: 10    Int: 10    God:
Gold:   128        SH:  0    Dex: 14    Spells: 4/4 levels left

rFire    . . .     SeeInvis +   a - +0 falchion
rCold    . . .     Gourm    .   (no shield)
rNeg     . . .     Faith    .   c - +0 scale mail
rPois    .         Spirit   .   (helmet unavailable)
rElec    .         Reflect  .   (no cloak)
rCorr    .         Harm     .   (no gloves)
MR       .....                  (no boots)
Stlth    +.........             (no amulet)
HPRegen  0.14/turn              (no ring)
MPRegen  0.09/turn              (no ring)

@: no status effects
A: permanent stasis, dig shafts and tunnels, four strong arms, antennae 3
a: Dig, Shaft Self


You were on level 4 of the Dungeon.
You were not hungry.

You visited 1 branch of the dungeon, and saw 4 of its levels.

You collected 128 gold pieces.

Inventory:

Hand Weapons
 a - a +0 falchion (weapon)
Missiles
 n - 24 stones (quivered)
Armour
 b - a +0 robe
 c - a +0 scale mail (worn)
   (You found it on level 2 of the Dungeon)
 d - a +0 leather armour
   (You found it on level 4 of the Dungeon)
 f - a +0 ring mail
   (You found it on level 1 of the Dungeon)
Scrolls
 g - a scroll of enchant weapon
 i - 3 scrolls of remove curse {@r2}
 j - a scroll of immolation {!r}
 k - 2 scrolls of fog {unknown}
Potions
 h - a potion of magic
 m - 2 potions of brilliance
 o - a potion of mutation {unknown}
Comestibles
 e - 9 rations {!d}
 l - a chunk of flesh


   Skills:
 + Level 4.5 Fighting
 * Level 5.1 Long Blades
 - Level 2.6 Dodging
 - Level 2.4 Stealth


You had 4 spell levels left.
You didn't know any spells.
Your spell library was empty.

Dungeon Overview and Level Annotations

Branches:
Dungeon (4/15)
 Temple: D:4-7

Altars:
Dithmenos
Ru
The Shining One


Innate Abilities, Weirdness & Mutations

You cannot be hasted, slowed, berserked, paralysed or teleported.
You can dig through walls and to a lower floor.
Your four strong arms can wield two-handed weapons with a shield.
You have a pair of large antennae on your head. (SInv)


Message History

t - Shout!
Orders for allies: a - Attack new target. r - Retreat! s - Stop attacking. g - Guard the area. f - Follow me.
Anything else - Cancel.
You shout for attention!
You hear a shout! x7
What are your orders? t - Shout!
Orders for allies: a - Attack new target. r - Retreat! s - Stop attacking. g - Guard the area. f - Follow me.
Anything else - Cancel.
You shout for attention!
What are your orders? t - Shout!
Orders for allies: a - Attack new target. r - Retreat! s - Stop attacking. g - Guard the area. f - Follow me.
Anything else - Cancel.
You shout for attention!
You hit the orc wizard but do no damage.
The orc wizard hits you but does no damage.
You closely miss the orc wizard.
The orc wizard hits you but does no damage.
You are electrocuted!
The orc wizard hits you but does no damage.
You hit the orc wizard but do no damage.
The orc wizard gestures at you while chanting.
The magic dart hits you!
* * * LOW HITPOINT WARNING * * *
You hit the orc wizard. The orc wizard closely misses you.
You riposte.
You hit the orc wizard. You miss the orc wizard.
The orc wizard drinks a potion.
The orc wizard is healed!
You barely miss the orc wizard.
The orc wizard gestures wildly while chanting.
The orc wizard flickers and vanishes for a moment.
You closely miss the orc wizard. The orc wizard barely misses you.
You hit the orc wizard but do no damage.
The orc wizard gestures at you while chanting.
The puff of flame hits you!
* * * LOW HITPOINT WARNING * * *
You barely miss the orc wizard. The orc wizard closely misses you.
Your scale mail prevents you from hitting the orc wizard.
The orc wizard closely misses you.
You riposte.
You closely miss the orc wizard. You barely miss the orc wizard.
The orc wizard hits you but does no damage.
You are electrocuted!
You die...

# #.#.# #.#.# #.#.#
#.#..
#################.#
...........>.....>#
######.#.##########
#.##o# #.#@##
{#.### { #. { #o ..
{ {


You could see an orc wizard (invisible).

Vanquished Creatures
  A scorpion (D:4)
  A hound (D:4)
  2 adders
  An ooze (D:2)
  2 worms
  A dart slug (D:1)
  2 leopard geckos
  7 bats
  4 giant cockroaches
  2 goblins
  4 hobgoblins (D:3)
  3 jackals (D:1)
  3 quokkas
  A ball python (D:2)
  4 frilled lizards
  6 kobolds
  5 rats
49 creatures vanquished.

Notes
Turn   | Place    | Note
-------+----------+-------------------------------------------
     0 | D:1      | Jynxie the Formicid Monk began the quest for the Orb.
     0 | D:1      | Reached XP level 1. HP: 18/18 MP: 1/1
   158 | D:1      | Reached XP level 2. HP: 24/24 MP: 2/2
   625 | D:2      | Reached XP level 3. HP: 27/30 MP: 3/3
   674 | D:2      | Found a sacrificial altar of Ru.
  1404 | D:2      | Reached skill level 4 in Long Blades
  1504 | D:2      | You fall through a shaft!
  1504 | D:3      | Found a glowing golden altar of the Shining One.
  1534 | D:3      | Reached XP level 4. HP: 31/37 MP: 4/4
  2246 | D:3      | Found a shadowy altar of Dithmenos.
  3075 | D:4      | Reached XP level 5. HP: 12/43 MP: 5/5
  3323 | D:4      | Reached skill level 5 in Long Blades
  3431 | D:4      | Slain by an orc wizard

Vault maps used:
D:1:      giann_bridges
D:2:      first_ration, nicolae_ru_path_of_blood
D:3:      lemuel_crystal_altar, overflow_temple_1_default
D:4:      serial_shops, shop, uniq_menkaure

Skill      XL: |  1  2  3  4  5 |
---------------+----------------+-----
Long Blades    | 4 5 |  5.1
Fighting       | 4 |  4.5
Dodging        | |  2.6
Stealth        | |  2.4

Action                   |  1- 3 |  4- 6 || total
-------------------------+-------+-------++-------
Melee: Falchion          |    77 |   116 ||   193
Throw: Stone             |       |     4 ||     4
 Abil: Dig               |       |     2 ||     2
  Use: Scroll            |     5 |     2 ||     7
       Potion            |       |     2 ||     2
 Stab: Sleeping          |     9 |       ||     9
  Eat: Chunk             |     2 |     4 ||     6
       Ration            |       |     1 ||     1
Armor: Robe              |     2 |       ||     2
       Ring mail         |     7 |     2 ||     9
       Scale mail        |       |    25 ||    25
Dodge: Dodged            |    43 |    55 ||    98
       Rpst.: Falchion   |    19 |    14 ||    33

Table legend:
 A = Spawn XP
 B = Non-spawn XP
 C = Spawn XP percentage of total XP
 D = Spawn monster count
 E = Non-spawn monster count
 F = Spawn count percentage of total count
 G = Total turns spent on level
                    A         B        C        D         E        F      G
               +---------+---------+-------+---------+---------+-------+---------
         Total |       0 |     230 |   0.0 |       0 |      49 |   0.0 |  3431
               +---------+---------+-------+---------+---------+-------+---------
           D:1 |       0 |      26 |   0.0 |       0 |      15 |   0.0 |   600
           D:2 |       0 |      42 |   0.0 |       0 |      14 |   0.0 |  1269
           D:3 |       0 |      47 |   0.0 |       0 |      18 |   0.0 |  1098
           D:4 |       0 |     115 |   0.0 |       0 |       2 |   0.0 |   464
               +---------+---------+-------+---------+---------+-------+---------
